 Dungeon Crawl Stone Soup version 0.31-a0-233-g139696dc86 (webtiles) character file.

Game seed: 2925958708982961725

81 qw the Shooter (level 4, 0/36 HPs)
             Began as a Minotaur Hexslinger on July 7, 2023.
             Slain by a jackal (1 damage)
             ... on level 2 of the Dungeon.
             The game lasted 00:00:36 (867 turns).

qw the Shooter (Minotaur Hexslinger)                 Turns: 867, Time: 00:00:36

Health: 0/36       AC:  2    Str: 12    XL:     4   Next: 20%
Magic:  4/4        EV: 12    Int: 10    God:
Gold:   59         SH:  0    Dex: 15    Spells: 4/5 levels left

rFire   . . .        Y - +1 sling
rCold   . . .        (no shield)
rNeg    . . .        c - +0 robe
rPois   .            (helmet restricted)
rElec   .            (no cloak)
rCorr   .            (no gloves)
SInv    .            (no boots)
Will    .....        (no amulet)
Stlth   +            (no ring)
HPRegen 0.26/turn    (no ring)
MPRegen 0.09/turn

%: no passive effects
@: lethally poisoned (0 -> -2)
A: horns 2, retaliatory headbutt
a: no special abilities


You were on level 2 of the Dungeon.
You visited 1 branch of the dungeon, and saw 2 of its levels.

You collected 59 gold pieces.


Innate Abilities, Weirdness & Mutations

You have a pair of horns on your head.
You reflexively headbutt those who attack you in melee.


   Skills:
 - Level 2.0 Fighting
 + Level 4.7 Ranged Weapons
 - Level 2.1 Dodging
 - Level 1.0 Spellcasting
 - Level 2.0 Hexes


You had 4 spell levels left.
You knew the following spells:

 Your Spells              Type           Power      Damage    Failure   Level
a - Slow                  Hex            16%        N/A       16%         1

Your spell library contained the following spells:

 Spells                   Type           Power      Damage    Failure   Level
 Inner Flame              Hex/Fire       2%         N/A       56%         3
 Portal Projectile        Hex/Tloc       4%         N/A       56%         3
 Cause Fear               Hex            2%         N/A       83%         4

Inventory:

Hand Weapons
 Y - a +1 sling (weapon)
Armour
 c - a +0 robe (worn)
Scrolls
 d - a scroll of identify {unknown}
Potions
 a - a potion of haste {unknown}
 b - a potion of curing {unknown}
 e - a potion of attraction {unknown}
 f - a potion of ambrosia {unknown}
 g - a potion of lignification {unknown}
 h - a potion of might {unknown}

Dungeon Overview and Level Annotations

Branches:
Dungeon (2/15)

Altars:


Message History

You shoot a sling bullet.
The sling bullet closely misses the jackal.
The sling bullet hits the jackal.
The jackal is lightly wounded.
You feel very sick. The jackal bites you.
The jackal closely misses you. x2; The jackal bites you.
You shoot a sling bullet.
The sling bullet hits the jackal but does no damage.
The jackal is heavily wounded.
You feel sick. The jackal completely misses you. The jackal closely misses you.
You shoot a sling bullet. The sling bullet hits the jackal!
You kill the jackal!
You feel sick. The jackal bites you. The adder closely misses you.
You furiously retaliate!
You headbutt the adder. The jackal bites you.
You shoot a sling bullet. The sling bullet hits the adder.
The adder is almost dead.
You feel sick. The adder barely misses you. The jackal bites you.
The adder bites you.
You are more poisoned.
The adder poisons you!
You shoot a sling bullet.
The sling bullet closely misses the adder.
The sling bullet closely misses the jackal.
You feel sick. The jackal closely misses you.
The jackal bites you but does no damage.
The adder misses you.
You shoot a sling bullet.
The sling bullet closely misses the adder.
The sling bullet barely misses the jackal.
You feel sick.
The jackal bites you but does no damage.
The jackal bites you. The adder bites you. The jackal misses you.
The jackal bites you. The adder bites you but does no damage.
You shoot a sling bullet.
The sling bullet barely misses the adder.
The sling bullet closely misses the jackal.
You feel sick. The jackal closely misses you. You furiously retaliate!
You headbutt the jackal. The jackal bites you. The adder misses you.
The jackal bites you.
You die...

##....#### .........#
.... .........# .....
.........# ...!.
.........# ......
.........# .....#
.........# #h...
.........# ##Sh#
.........# ##@h#
%........# ##.h##
.........#####..##
##%#####....##.##
...########....# ..
..............## .#
........##.##.#####.###
#######.#..##.........#
# #.....##........#


You could see an adder and 4 jackals.

Vanquished Creatures
  4 adders (D:2)
  3 dart slugs
  3 bats (D:1)
  3 endoplasms
  5 giant cockroaches
  2 hobgoblins (D:1)
  3 jackals (D:2)
  4 kobolds
  5 ball pythons
  4 goblins (D:1)
  2 rats (D:2)
38 creatures vanquished.

Notes
Turn   | Place    | Note
-------+----------+-------------------------------------------
     0 | D:1      | qw the Minotaur Hexslinger began the quest for the Orb.
     0 | D:1      | Reached XP level 1. HP: 16/16 MP: 1/1
     0 | D:1      | 0 ||| qw: Version: 0.3-a-46-gb1f654a
     0 | D:1      | 0 ||| qw: Game counter: 3103
     0 | D:1      | 0 ||| qw: Melee chars always use a shield: true
     0 | D:1      | 0 ||| qw: God list: Okawaru
     0 | D:1      | 0 ||| qw: Allow faded altars: false
     0 | D:1      | 0 ||| qw: Do Orc after clearing Dungeon:15 true
     0 | D:1      | 0 ||| qw: Do second Lair branch before Depths: true
     0 | D:1      | 0 ||| qw: Lair rune preference: random
     0 | D:1      | 0 ||| qw: Goals: Normal
     0 | D:1      | 0 ||| PLANNING D:1-11
   160 | D:1      | Reached skill level 3 in Ranged Weapons
   160 | D:1      | Reached XP level 2. HP: 23/23 MP: 2/2
   467 | D:1      | 467 ||| DRINKING 2 white potions.
   468 | D:1      | 468 ||| DROPPING scroll of poison.
   469 | D:1      | 469 ||| DROPPING potion of brilliance.
   503 | D:2      | Reached XP level 3. HP: 29/29 MP: 3/3
   606 | D:2      | Reached skill level 4 in Ranged Weapons
   664 | D:2      | 664 ||| READING scroll labelled GESIHE BUOLELO.
   826 | D:2      | Reached XP level 4. HP: 36/36 MP: 4/4
   864 | D:2      | HP: 9/36 [adder (4)]
   866 | D:2      | HP: 4/36 [jackal (1)]
   867 | D:2      | HP: 1/36 [jackal (2)]
   867 | D:2      | Slain by a jackal

Levels and vault maps discovered:
D:1:      giann_bridges, layout_basic
D:2:      layout_rooms, basic_altar, nicolae_concentric_dashed_squares_wild,
          minmay_misc_feat_iff

Skill      XL: |  1  2  3 |
---------------+----------+-----
Ranged Weapons | 3 4 |  4.7
Fighting       | 2 |  2.0
Dodging        | |  2.1
Spellcasting   | |  1.0
Hexes          | |  2.0

Action                     |  1- 3 |  4- 6 || total
---------------------------+-------+-------++-------
   Fire: Sling             |   105 |    15 ||   120
    Use: Potion            |     1 |       ||     1
         Scroll            |     1 |       ||     1
 Armour: Robe              |     9 |     3 ||    12
  Dodge: Dodged            |    30 |    17 ||    47

Table legend:
 A = Non-vault XP
 B = Vault XP
 C = Vault XP percentage of total XP
 D = Non-vault monster count
 E = Vault monster count
 F = Vault count percentage of total count
                 A         B        C        D         E       F
            +---------+---------+-------+---------+---------+-------
      Total |     117 |       0 |   0.0 |      38 |       0 |   0.0
            +---------+---------+-------+---------+---------+-------
        D:1 |      38 |       0 |   0.0 |      19 |       0 |   0.0
        D:2 |      79 |       0 |   0.0 |      19 |       0 |   0.0
            +---------+---------+-------+---------+---------+-------
